AoeStats
← OLOPACIO

Arabia

510824536Analyzed
4v4 RM · 14h ago on Oct 2, 2026· 56m 7s· 8 players
Game mode
Random Map
Map size
Large (8 player)
Population
200
Speed
Normal
Resources
Standard
Victory
Conquest
Starting age
Dark Age
Ending age
Imperial Age
RankedLock teamsTeams togetherTeam positionsShared explorationLock speedFull tech treeHidden civsTurbo modeCheats
Victory
Defeat
🇧🇴 Cumans · Bolivia
796
+13
🇺🇸 Chinese · United States
734
+16
🇺🇸 Sicilians · United States
728
+16
🇦🇷 Lithuanians · Argentina
706
+16
🇪🇸 Sicilians · Spain
749
-17
🇷🇺 Varangians · Russia
727
-15
🇳🇱 Romans · Netherlands
719
-15
🇺🇸 Cumans · United States
702
-14
spreweel
0:56 Loom
13:01 Feudal Age
13:51 Double-Bit Axe
13:49 Horse Collar
14:46 Wheelbarrow
14:07 Gold Mining
19:50 Fletching
20:04 Man-at-Arms
20:50 Scale Mail Armor
22:05 Forging
28:55 Town Watch
33:11 Stone Mining
35:25 Castle Age
34:18 Scale Barding Armor
34:27 Bloodlines
38:15 Chain Mail Armor
38:35 Iron Casting
39:16 Gambesons
39:31 Bodkin Arrow
39:59 Pikeman
41:53 Husbandry
44:57 Chain Barding Armor
48:28 Hand Cart
iKalakamalaka
5:45 Loom
12:24 Feudal Age
14:00 Wheelbarrow
13:13 Double-Bit Axe
23:50 Castle Age
22:08 Horse Collar
23:08 Town Watch
25:15 Bow Saw
26:03 Heavy Plow
27:53 Gold Mining
27:53 Stone Mining
27:32 Capped Ram
29:04 Steppe Husbandry
29:57 Bloodlines
32:58 Thumb Ring
34:48 Hand Cart
38:31 Ballistics
41:41 Town Patrol
49:08 Crossbowman
50:55 Stone Mining
53:22 Gold Shaft Mining
J.Try88
5:15 Loom
11:19 Feudal Age
11:51 Double-Bit Axe
12:14 Man-at-Arms
14:56 Scale Mail Armor
15:37 Forging
Light
Jimmz
0:28 Loom
12:07 Feudal Age
16:21 Castle Age
15:47 Forging
15:38 Scale Mail Armor
15:26 Double-Bit Axe
17:25 Chain Mail Armor
18:47 Iron Casting
19:51 Squires
20:57 Gold Mining
21:30 Bow Saw
22:37 Pikeman
24:12 Arson
43:59 Gold Shaft Mining
45:01 Stone Mining
47:30 Wheelbarrow
48:48 Stone Shaft Mining
53:04 Imperial Age
50:54 Hand Cart
53:10 Town Watch
54:50 Blast Furnace
54:21 Plate Mail Armor
53:54 Town Patrol
53:21 Elite Fire Lancer
55:05 Two-Man Saw
53:50 Horse Collar
54:36 Conscription
Zengen
11:54 Feudal Age
21:08 Scale Mail Armor
23:12 Forging
28:30 Castle Age
32:20 Double-Bit Axe
39:11 Wheelbarrow
39:25 Chain Mail Armor
39:46 Iron Casting
42:06 Stone Mining
42:11 Gold Mining
47:31 Imperial Age
54:58 Elite Serjeant
56:17 Plate Mail Armor
56:48 Blast Furnace
OLOPACIO
8:10 Feudal Age
9:44 Double-Bit Axe
10:35 Horse Collar
15:09 Man-at-Arms
19:42 Loom
21:21 Wheelbarrow
23:02 Castle Age
24:39 Bloodlines
25:42 Wheelbarrow
29:28 Hand Cart
29:38 Gold Mining
29:38 Stone Mining
30:17 Caravan
30:44 Bow Saw
36:28 Imperial Age
33:38 Capped Ram
37:09 Elite Steppe Lancer
38:57 Siege Ram
44:33 Conscription
44:18 Steppe Husbandry
44:00 Onager
47:22 Forging
47:17 Scale Barding Armor
48:01 Elite Kipchak
48:42 Cuman Mercenaries
52:51 Spies/Treason
56:17 Two-Man Saw
55:55 Iron Casting
55:40 Chain Barding Armor
55:20 Scale Mail Armor
Luciano24cm
11:12 Loom
51:22 Feudal Age
Connection lost

Rejoining the realm…

Still unreachable

The connection could not be restored.

Session expired

The server has moved on; the page needs a fresh start.